 Dungeon Crawl Stone Soup version 0.24.0-1-gfbc8707122 (webtiles) character file.

Game seed: 7634486412177919020, levelgen mode: deterministic

294 Descartes the Ducker (level 6, -3/28 HPs)
             Began as a Felid Berserker on Oct 26, 2019.
             Was a Priest of Trog.
             Shot with an arrow by a centaur (15 damage)
             ... on level 5 of the Dungeon.
             The game lasted 00:07:45 (5418 turns).

Descartes the Ducker (Felid Berserker)              Turns: 5418, Time: 00:07:46

Health: -3/28      AC:  2    Str: 14    XL:     6   Next: 11%
Magic:  7/7        EV: 21    Int:  9    God:    Trog [***...]
Gold:   254        SH:  0    Dex: 16    Spells: 5/5 levels left
                                        Lives:  0   Deaths: 1

rFire    . . .     SeeInvis +     - Unarmed
rCold    . . .     Gourm    .   (shield unavailable)
rNeg     . . .     Faith    .   (armour unavailable)
rPois    .         Spirit   .   (helmet unavailable)
rElec    .         Reflect  .   (cloak unavailable)
rCorr    .         Harm     .   (gloves unavailable)
MR       .....                  (boots unavailable)
Stlth    +++.......             (no amulet)
HPRegen  0.09/turn              (no ring)
MPRegen  0.10/turn              (no ring)

@: quick
A: very small, no armour, no weapons or thrown items, stealth, claws 1, fangs 3,
see invisible, carnivore, speed 1, shaggy fur 2, slow metabolism 1, sharp paws
a: Berserk, Trog's Hand, Renounce Religion


You were on level 5 of the Dungeon.
You worshipped Trog.
Trog was most pleased with you.
You were completely stuffed.

You visited 1 branch of the dungeon, and saw 5 of its levels.

You collected 254 gold pieces.

Inventory:

Scrolls
 b - 3 scrolls of fog
 c - 6 scrolls of remove curse
 h - 3 scrolls of blinking
Potions
 e - a potion of curing
 g - 2 potions of lignification {unknown}
 i - a potion of haste {unknown}
 k - a potion of invisibility
 m - a potion of heal wounds {unknown}
 n - a potion of berserk rage {unknown}
 p - a potion of mutation {unknown}
Comestibles
 a - 6 rations
 o - 5 chunks of flesh


   Skills:
 + Level 4.3 Fighting
 + Level 5.6 Dodging
 + Level 2.3 Stealth
 * Level 5.3 Unarmed Combat


You had 5 spell levels left.
You didn't know any spells.
Your spell library was empty.

Dungeon Overview and Level Annotations

Branches:
Dungeon (5/15)             Temple (0/1) D:5

Altars:
Elyvilon
Gozag
Makhleb

Annotations:
D:5 Pikel


Innate Abilities, Weirdness & Mutations

You cannot wear armour.
You are incapable of wielding weapons or throwing items.
Your paws allow you to move quietly. (Stealth)
You have sharp claws.
You have razor-sharp teeth.
You have supernaturally acute eyesight. (SInv)
You are carnivorous and can eat meat at any time.
You cover ground quickly.
You are covered in thick fur. (AC +2)
You have a slow metabolism.
Your sharp claws are effective at attacking unaware monsters.


Message History

Trog accepts your kill.
No target in view!
No target in view!
Found a thin fluorescent amulet.
Found a staircase to the Ecumenical Temple.
A slave comes into view.
You enter the shallow water.
Moving in this stuff is going to be slow.
A slave comes into view.
The slave shouts! x2; The centaur shouts!
The centaur wields a +0 shortbow.
The centaur shoots an arrow.
The arrow hits you!
Ouch! That really hurt!
A slave comes into view.
Pikel the Slaver comes into view.
He is wielding a +2 whip of flaming.
The centaur shoots an arrow.
The arrow completely misses you.
Found a ration.
The centaur shoots an arrow.
The arrow hits you!
Ouch! That really hurt!
You die...

#.#######.##.# #.#
#.##.## #.# #.##..###
#####.#######.##....####
...................."...
......#####.###.....###
.#.#..# #.#≈≈≈≈≈c≈≈≈#
......# ##.#≈#.....#≈#.
.#.#.<.. .%..≈..@....≈..
......#####..≈.......≈..
##.#...# #(.≈...>...≈..
#...... ....≈......p≈p.
.. ##..≈.......≈..
#.#≈#.....#≈#K
#.#≈≈≈≈≈≈≈p≈# #
###.....###


You could see Pikel (wandering), 3 slaves and a centaur.

Vanquished Creatures
  An ice beast (D:5)
  2 hounds (D:4)
  An orc wizard (D:3)
  6 adders
  An adder skeleton (D:5)
  A worm (D:2)
  4 dart slugs
  4 leopard geckos
  15 orcs
  4 giant cockroaches
  7 goblins
  6 hobgoblins
  4 jackals
  A quokka (D:3)
  4 bats
  4 frilled lizards
  11 kobolds
  8 rats
84 creatures vanquished.

Vanquished Creatures (others)
  2 plants (D:1)
2 creatures vanquished.

Grand Total: 86 creatures vanquished

Notes
Turn   | Place    | Note
-------+----------+-------------------------------------------
     0 | D:1      | Descartes the Felid Berserker began the quest for the Orb.
     0 | D:1      | Reached XP level 1. HP: 10/10 MP: 2/2
   214 | D:1      | Reached XP level 2. HP: 14/14 MP: 3/3
   863 | D:1      | Reached XP level 3. HP: 1/17 MP: 4/4
  1173 | D:1      | Reached ** piety under Trog
  2021 | D:2      | Found an opulent altar of Gozag.
  2840 | D:2      | Reached XP level 4. HP: 21/21 MP: 5/5
  3092 | D:3      | HP: 1/33 [poisoned by an orc wizard]
  3094 | D:3      | Succumbed to an orc wizard's poison
  3095 | D:3      | Reached XP level 3. HP: 0/27 MP: 4/4
  3535 | D:3      | Reached skill level 5 in Dodging
  3624 | D:3      | Reached XP level 4. HP: 19/22 MP: 5/5
  4044 | D:3      | Found a burning altar of Makhleb.
  4050 | D:3      | Found a white marble altar of Elyvilon.
  4092 | D:3      | Found a faded altar of an unknown god.
  4795 | D:4      | Reached skill level 1 in Stealth
  4795 | D:4      | Reached XP level 5. HP: 7/25 MP: 6/6
  5121 | D:4      | Reached skill level 5 in Unarmed Combat
  5348 | D:5      | Entered Level 5 of the Dungeon
  5358 | D:5      | Noticed an ice beast
  5366 | D:5      | Killed an ice beast
  5366 | D:5      | Reached *** piety under Trog
  5366 | D:5      | Gained mutation: You are covered in thick fur. (AC +2)
                  | [Felid growth]
  5366 | D:5      | Reached XP level 6. HP: 28/28 MP: 7/7
  5413 | D:5      | Found a staircase to the Ecumenical Temple.
  5415 | D:5      | Noticed a slave
  5416 | D:5      | Noticed a slave
  5417 | D:5      | Noticed a slave
  5417 | D:5      | Noticed Pikel
  5418 | D:5      | Shot with an arrow by a centaur

Levels and vault maps discovered:
D:1:      tarquinn_simple_flora_water_e, layout_basic, minmay_misc_feat_iff,
          lexackson_kobold_supper
D:2:      layout_loops_cross, lemuel_doored_altar, first_ration
D:3:      layout_loops_corners, amethyst_overflow_temple_binary,
          chequers_ecumenical_altar_simple_redux
D:4:      layout_basic
D:5:      layout_loops_ring, minmay_temple_entry_water_ring, serial_shops,
          kennysheep_mini_moat, gammafunk_ghost_icy, minmay_misc_feat_columns,
          uniq_pikel, uniq_edmund

Skill      XL: |  1  2  3  4  5 |
---------------+----------------+-----
Unarmed Combat | 4 5 |  5.3
Dodging        | 5 |  5.6
Fighting       | 4 |  4.3
Stealth        | 1 2 |  2.3

Action                   |  1- 3 |  4- 6 || total
-------------------------+-------+-------++-------
Melee: Unarmed           |   145 |    93 ||   238
       Bite              |    18 |     8 ||    26
       Punch             |     2 |     2 ||     4
Invok: Berserk           |     3 |     3 ||     6
       Trog's Hand       |       |     1 ||     1
  Use: Scroll            |       |     6 ||     6
       Potion            |       |     2 ||     2
 Stab: Sleeping          |     8 |     2 ||    10
  Eat: Chunk             |    20 |     6 ||    26
Armor: Skin              |     3 |     1 ||     4
Dodge: Dodged            |   125 |    71 ||   196
